 Dungeon Crawl Stone Soup version 0.29.0-4-gdea44cf6ec (webtiles) character file.

Game seed: 18410406547749789843

30 sanka the Slasher (level 3, -2/20 HPs)
             Began as a Deep Elf Gladiator on Aug 27, 2022.
             Slain by a hobgoblin
             ... wielding a +0 quarterstaff
              (10 damage)
             ... on level 2 of the Dungeon.
             The game lasted 00:01:29 (2007 turns).

sanka the Slasher (Deep Elf Gladiator)              Turns: 2007, Time: 00:01:30

Health: -2/20      AC:  4    Str: 11    XL:     3   Next: 5%
Magic:  5/5        EV: 13    Int: 14    God:
Gold:   54         SH:  0    Dex: 16    Spells: 2/2 levels left

rFire   . . .      SeeInvis .   a - +0 long sword
rCold   . . .      Faith    .   (no shield)
rNeg    . . .      Spirit   .   b - +0 leather armour
rPois   .          Reflect  .   c - +0 helmet
rElec   .          Harm     .   (no cloak)
rCorr   .          Rampage  .   (no gloves)
Will    .....                   (no boots)
Stlth   +.........              (no amulet)
HPRegen 0.06/turn               (no ring)
MPRegen 0.09/turn               (no ring)

@: no status effects
A: no striking features
a: no special abilities


You were on level 2 of the Dungeon.
You visited 1 branch of the dungeon, and saw 2 of its levels.

You collected 54 gold pieces.

Inventory:

Hand Weapons
 a - a +0 long sword (weapon)
Missiles
 d - 3 throwing nets (quivered)
 e - a javelin
 k - 6 poisoned darts
Armour
 b - a +0 leather armour (worn)
 c - a +0 helmet (worn)
Scrolls
 f - a scroll of identify {unknown}
 l - 2 scrolls of blinking {unknown}
 m - a scroll of fog {unknown}
Potions
 g - 2 potions of degeneration {unknown}
 h - a potion of might {unknown}
 i - a potion of heal wounds {unknown}
 j - a potion of mutation {unknown}


   Skills:
 - Level 1.5 Fighting
 + Level 3.8 Long Blades
 - Level 2.0 Throwing
 - Level 3.6 Dodging


You had 2 spell levels left.
You didn't know any spells.
Your spell library was empty.

Dungeon Overview and Level Annotations

Branches:
Dungeon (2/15)

Altars:


Message History

l - 2 scrolls labelled VUIHILIERR You now have 54 gold pieces (gained 15).
m - a scroll labelled QEWKUCUNIJ
Things that are here:
a +0 dagger; 5 stones You see here a hobgoblin skeleton.
You see here a rat skeleton.
A hobgoblin and a rat come into view.
There are monsters nearby!
The hobgoblin shouts!
The hobgoblin hits you with a +0 quarterstaff.
You closely miss the hobgoblin.
The hobgoblin hits you with a +0 quarterstaff!
You are too injured to fight recklessly!
You are too injured to fight recklessly!
You are too injured to fight recklessly!
You are too injured to fight recklessly!
You are too injured to fight recklessly!
Unknown command.
The hobgoblin attacks as you move away! The hobgoblin barely misses you.
You are too injured to fight recklessly!
You are too injured to fight recklessly!
You are too injured to fight recklessly!
You are too injured to fight recklessly!
You are too injured to fight recklessly!
You barely miss the hobgoblin. The hobgoblin misses you.
The hobgoblin closely misses you.
You hit the hobgoblin but do no damage.
The hobgoblin hits you with a +0 quarterstaff.
You hit the hobgoblin.
The hobgoblin is moderately wounded.
The hobgoblin closely misses you.
You hit the hobgoblin but do no damage.
The hobgoblin is moderately wounded.
The hobgoblin barely misses you.
You barely miss the hobgoblin.
The hobgoblin is moderately wounded.
The hobgoblin hits you with a +0 quarterstaff!
Ouch! That really hurt!
You die...

#.# #.# #.. .. #.# #>. .#
#.#######..# ##.#
###.##.......#. #..
..#.##.......# .###.#
#....#.......# ....#
###...####.#######..#
##............@gr.#########
##.####...###.#...........
#÷# ###..##.###.........
#.# ##....# ###.......
#####.##### ####.# .......
#.....÷...# ### .......
#.#######.# ####### #.# #.#
#.# #...# #.# #.# #.# #...#


You could see a hobgoblin and a rat.

Vanquished Creatures
  A worm (D:2)
  A bat (D:1)
  3 endoplasms (D:1)
  2 giant cockroaches (D:1)
  2 goblins
  5 hobgoblins
  5 kobolds
  2 frilled lizards (D:1)
  2 rats
23 creatures vanquished.

Vanquished Creatures (others)
  A rat (D:2)
1 creature vanquished.

Grand Total: 24 creatures vanquished

Notes
Turn   | Place    | Note
-------+----------+-------------------------------------------
     0 | D:1      | sanka the Deep Elf Gladiator began the quest for the Orb.
     0 | D:1      | Reached XP level 1. HP: 12/12 MP: 3/3
   428 | D:1      | Reached XP level 2. HP: 12/16 MP: 4/4
   509 | D:1      | Found a faded altar of an unknown god.
  1704 | D:2      | Reached XP level 3. HP: 12/20 MP: 5/5
  2007 | D:2      | Slain by a hobgoblin

Illustrated notes

Levels and vault maps discovered:
D:1:      lemuel_arrival_broad_hall, layout_loops_corners,
          shapermc_ecumenical_altar_gd
D:2:      layout_rooms, chequers_jeans, moated_statue, minmay_increasing_density

Skill      XL: |  1 |
---------------+----+-----
Long Blades    | 3 |  3.8
Fighting       | |  1.5
Throwing       | |  2.0
Dodging        | |  3.6

Action                   || total
-------------------------++-------
Melee: Long sword        ||    82
 Stab: Sleeping          ||     1
Armor: Leather armour    ||    18
Dodge: Dodged            ||    65
